AoeStats
← NPG | gab

Arabia

510643953Analyzed
1v1 RM · 23h ago on Oct 1, 2026· 46m 25s· 2 players
Game mode
Random Map
Map size
Tiny (2 player)
Population
200
Speed
Normal
Resources
Standard
Victory
Conquest
Starting age
Dark Age
Ending age
Imperial Age
RankedLock teamsTeams togetherTeam positionsShared explorationLock speedFull tech treeHidden civsTurbo modeCheats
Victory
Defeat
🇨🇱 Khmer · Chile
1217
+18
🇦🇷 Magyars · Argentina
1269
-18
Crixus Murmillo
8:42 Loom
10:28 Feudal Age
14:25 Castle Age
14:17 Double-Bit Axe
19:25 Bloodlines
23:50 Scale Barding Armor
26:47 Chain Barding Armor
28:59 Husbandry
30:47 Bow Saw
30:28 Gold Mining
33:56 Gold Shaft Mining
35:02 Wheelbarrow
37:37 Imperial Age
35:36 Scale Mail Armor
36:40 Horse Collar
37:21 Chain Mail Armor
36:57 Pikeman
38:29 Stone Mining
39:42 Hand Cart
40:27 Plate Barding Armor
39:31 Cavalier
40:17 Halberdier
42:28 Forging
45:49 Iron Casting
46:31 Conscription
NPG | gab
6:33 Loom
9:05 Feudal Age
19:10 Castle Age
18:20 Bloodlines
19:45 Scale Barding Armor
19:39 Light Cavalry
21:39 Chain Barding Armor
21:52 Pikeman
29:08 Fletching
38:45 Wheelbarrow
40:30 Bodkin Arrow
44:43 Imperial Age
44:44 Corvinian Army
44:56 Double-Bit Axe
46:11 Ballistics
45:58 Bracer
Connection lost

Rejoining the realm…

Still unreachable

The connection could not be restored.

Session expired

The server has moved on; the page needs a fresh start.